 Dungeon Crawl Stone Soup version 0.30-a0-778-g2ef04afb54 (webtiles) character file.

Game seed: 4821795522109494753

586 Zenkrye the Poker (level 7, -2/52 HPs)
             Began as a Human Cinder Acolyte on Feb 16, 2023.
             Was a High Priest of Ignis.
             Slain by an orc warrior
             ... wielding a +0 war axe
              (12 damage)
             ... on level 7 of the Dungeon.
             The game lasted 00:10:33 (3309 turns).

Zenkrye the Poker (Human Cinder Acolyte)            Turns: 3309, Time: 00:10:33

Health: -2/52      AC: 13    Str: 17    XL:     7   Next: 65%
Magic:  8/8        EV:  6    Int: 14    God:    Ignis [*****.]
Gold:   196        SH:  0    Dex:  8    Spells: 6/8 levels left

rFire   + . .      SeeInvis .    a - -1 spear (flame)
rCold   . . .      Faith    .    (no shield)
rNeg    . . .      Spirit   .    v - +3 chain mail
rPois   .          Reflect  .    (no helmet)
rElec   .          Harm     .    (no cloak)
rCorr   .          Rampage  .    f - +1 pair of gloves
Will    .....                    (no boots) Stlth
                                 (no amulet)
HPRegen 0.28/turn                (no ring)
MPRegen 0.11/turn                (no ring)

@: hasted, very quick
A: no striking features
a: Renounce Religion, Fiery Armour, Foxfire Swarm, Rising Flame


You were on level 7 of the Dungeon.
You worshipped Ignis.
Ignis was extremely pleased with you.
You visited 1 branch of the dungeon, and saw 6 of its levels.

You collected 196 gold pieces.

Inventory:

Hand Weapons
 a - a -1 spear of flaming (weapon)
 n - a +0 spear
Armour
 b - a +0 robe
 f - a +1 pair of gloves (worn)
 g - a +0 ring mail
 v - a +3 chain mail (worn)
Magical Staves
 p - a staff of fire
Jewellery
 c - a ring of ice
Wands
 t - a wand of roots (7)
 w - a wand of digging (7) {@v1}
 x - a wand of polymorph (9)
Scrolls
 d - 2 scrolls of fear
 i - 2 scrolls of identify {@r1}
 o - a scroll of magic mapping {unknown}
 s - a scroll of enchant armour
 u - a scroll of teleportation {@r3}
Potions
 j - a potion of invisibility {unknown}
 k - a potion of mutation {unknown}
 l - a potion of cancellation {unknown}
 m - a potion of might {unknown}
 q - a potion of degeneration {unknown}
 r - a potion of berserk rage {unknown}


   Skills:
 - Level 3.0 Fighting
 * Level 6.7 Polearms
 - Level 1.0 Spellcasting
 - Level 5.0 Fire Magic
 + Level 2.3 Evocations


You had 6 spell levels left.
You knew the following spells:

 Your Spells              Type           Power      Damage    Failure   Level
a - Scorch                Fire           28%        2d6       67%         2

Your spell library contained the following spells:

 Spells                   Type           Power      Damage    Failure   Level
 Cigotuvi's Dreadful Rot  Necr/Pois/Air  0%         N/A       100%        2
 Ensorcelled Hibernation  Hex/Ice        0%         N/A       100%        2
 Poisonous Vapours        Pois/Air       0%         N/A       100%        2
 Mephitic Cloud           Conj/Pois/Air  0%         N/A       100%        3
 Spider Form              Tmut/Pois      0%         N/A       100%        3
 Anguish                  Hex/Necr       0%         N/A       100%        4


Dungeon Overview and Level Annotations

Branches:
Dungeon (5/15)
 Temple: D:4-7

Altars:
The Shining One

Annotations:
D:4 Natasha


Message History

An orc comes into view. It is wielding a +0 trident.
The orc warrior hits you with a +0 war axe.
The kobold hits you but does no damage.
You completely miss the orc warrior.
The orc warrior is heavily wounded.
You hit the orc warrior. You burn the orc warrior.
The orc warrior is heavily wounded.
The orc warrior hits you with a +0 war axe.
* * * LOW HITPOINT WARNING * * *
The kobold hits you but does no damage.
You hit the orc warrior but do no damage.
The orc warrior is heavily wounded.
You hit the orc warrior but do no damage.
The orc warrior is heavily wounded.
The orc hits you but does no damage.
The orc warrior hits you but does no damage.
The kobold completely misses you.
You hit the orc warrior but do no damage.
The orc warrior is heavily wounded.
You closely miss the orc warrior.
The orc warrior is heavily wounded.
A kobold comes into view. It is wielding a +0 short sword.
The orc barely misses you.
The orc warrior hits you but does no damage.
The kobold hits you but does no damage.
You barely miss the orc warrior.
The orc warrior is heavily wounded.
You hit the orc warrior but do no damage.
The orc warrior is heavily wounded.
The orc hits you from afar with a +0 trident.
* * * LOW HITPOINT WARNING * * *
The orc warrior hits you but does no damage.
The kobold hits you but does no damage.
You feel better.
You closely miss the orc warrior.
The orc warrior is heavily wounded.
The orc hits you from afar with a +0 trident.
* * * LOW HITPOINT WARNING * * *
The orc warrior hits you with a +0 war axe!
You die...

#.#.......#....[#
#.#...##..#......
###.#...##........#
.>.......##.#......
...................
#........#####...
#........# .#
#........# #
#.#..$@.## #
##.Ko## ......Ko(
#.#.##...... #.
#.#####Ko . #.# .
.. ..# .. ...


You could see an orc warrior, an orc and 2 kobolds.

Vanquished Creatures
  An ogre (D:4)
  A bullfrog (D:7)
  A scorpion (D:7)
  A necrophage (D:7)
  3 hounds
  An orc priest (D:7)
  Ijyb (D:5)
  An orc wizard (D:7)
  5 adders
  A shadow imp (D:7)
  2 worms
  2 dart slugs
  6 orcs
  10 bats
  5 endoplasms
  5 giant cockroaches
  5 goblins
  8 hobgoblins
  2 quokkas
  4 ball pythons
  4 frilled lizards
  13 kobolds
  7 rats
89 creatures vanquished.

Vanquished Creatures (others)
  9 plants (D:4)
9 creatures vanquished.

Grand Total: 98 creatures vanquished

Notes
Turn   | Place    | Note
-------+----------+-------------------------------------------
     0 | D:1      | Zenkrye the Human Cinder Acolyte began the quest for the
                  | Orb.
     0 | D:1      | Reached XP level 1. HP: 18/18 MP: 2/2
    95 | D:1      | Reached XP level 2. HP: 24/24 MP: 3/3
    98 | D:1      | Learned a level 2 spell: Scorch
   461 | D:1      | Reached XP level 3. HP: 29/29 MP: 4/4
  1167 | D:2      | Reached XP level 4. HP: 35/35 MP: 2/5
  1231 | D:2      | Found a glowing golden altar of the Shining One.
  1241 | D:2      | Reached skill level 4 in Polearms
  1906 | D:3      | Reached XP level 5. HP: 41/41 MP: 1/6
  2260 | D:4      | Noticed an ogre
  2266 | D:4      | Killed an ogre
  2266 | D:4      | Noticed Natasha
  2267 | D:4      | Reached skill level 5 in Polearms
  2267 | D:4      | Reached XP level 6. HP: 27/47 MP: 0/7
  2503 | D:4      | Noticed a black bear
  2731 | D:5      | Entered Level 5 of the Dungeon
  2876 | D:5      | Noticed Ijyb
  2909 | D:5      | Killed Ijyb
  2910 | D:5      | Reached skill level 1 in Evocations
  2949 | D:5      | You fall into a shaft and drop 2 floors!
  2966 | D:7      | Reached skill level 6 in Polearms
  2966 | D:7      | Reached skill level 5 in Fire Magic
  2966 | D:7      | Reached XP level 7. HP: 52/52 MP: 8/8
  3309 | D:7      | Slain by an orc warrior

Illustrated notes

Levels and vault maps discovered:
D:1:      dpeg_arrival_renting, layout_basic
D:2:      layout_basic, basic_altar
D:3:      cheibrodos_helix_gallery, layout_rooms
D:4:      layout_basic, serial_forest, infiniplex_forest_clump_double,
          infiniplex_forest_lined_room_, infiniplex_forest_end_2,
          infiniplex_forest_lined_1, infiniplex_forest_clump_double,
          infiniplex_forest_lined_ring, infiniplex_forest_end_1,
          minmay_misc_feat_tower, nrook_uturn, minmay_starry_boxes, uniq_natasha
D:5:      nicolae_cairo_tiling_large_dashed, layout_loops_ring,
          minmay_temple_entry_sparse_star, uniq_crazy_yiuf_cottage, uniq_ijyb,
          uniq_pikel
D:7:      layout_loops_ring, trog_book, serial_shops, shop_statue, uniq_joseph

Skill      XL: |  1  2  3  4  5  6  7 |
---------------+----------------------+-----
Fire Magic     | 4 5 |  5.0
Polearms       | 4 5 6 |  6.7
Evocations     | 1 2 |  2.3
Fighting       | |  3.0
Spellcasting   | |  1.0

Action                     |  1- 3 |  4- 6 |  7- 9 || total
---------------------------+-------+-------+-------++-------
  Melee: Spear             |   129 |   167 |   118 ||   414
         Punch             |     1 |       |     1 ||     2
         Staff             |       |     2 |       ||     2
   Cast: Scorch            |     7 |    20 |       ||    27
    Use: Scroll            |     5 |     4 |     1 ||    10
         Potion            |       |       |     2 ||     2
 Armour: Robe              |     6 |       |       ||     6
         Ring mail         |    32 |    66 |       ||    98
         Chain mail        |       |    26 |    68 ||    94
  Dodge: Dodged            |    55 |    67 |    25 ||   147

Table legend: (Time is in decaauts)
 A = Elapsed time spent in this place.
 B = Non-inter-level travel time spent in this place.
 C = Inter-level travel time spent in this place.
 D = Time resting spent in this place.
 E = Time spent auto-exploring this place.
 F = Levels seen in this place.
 G = Mean time per level.
                   A        B        C        D        E       F      G
               +--------+--------+--------+--------+--------+-----+--------+
         Total |   3244 |   3166 |     78 |    302 |   2025 |   6 |  540.7 |
       Dungeon |   3244 |   3166 |     78 |    302 |   2025 |   6 |  540.7 |
               +--------+--------+--------+--------+--------+-----+--------+

Top non-repeatable levels by time:
     D:1: 908 daAuts
     D:2: 762 daAuts
     D:3: 633 daAuts
     D:4: 401 daAuts
     D:7: 326 daAuts
     D:5: 212 daAuts
